 Dungeon Crawl Stone Soup version 0.30-a0-738-g116ff8c4af (webtiles) character file.

Game seed: 2663441751331847292

310 MachoJfn the Chopper (level 6, -5/62 HPs)
             Began as an Ogre Gladiator on Feb 3, 2023.
             Was a Believer of Uskayaw.
             Slain by an orc priest
             ... wielding a +0 hand axe of freezing
              (6 damage)
             ... on level 4 of the Dungeon.
             The game lasted 00:18:26 (2602 turns).

MachoJfn the Chopper (Ogre Gladiator)               Turns: 2602, Time: 00:18:27

Health: -5/62      AC:  3    Str: 21    XL:     6   Next: 41%
Magic:  6/6        EV: 15    Int:  9    God:    Uskayaw [**....]
Gold:   134        SH:  0    Dex: 10    Spells: 5/5 levels left

rFire   . . .      SeeInvis .    a - +0 war axe
rCold   . . .      Faith    .    (no shield)
rNeg    . . .      Spirit   .    b - +0 robe
rPois   .          Reflect  .    c - +0 hat
rElec   .          Harm     .    (no cloak)
rCorr   .          Rampage  .    (gloves unavailable)
Will    .....                    (boots unavailable)
Stlth   +                        k - amulet of magic regeneration
HPRegen 0.30/turn                j - +5 ring of evasion
MPRegen 0.50/turn                (no ring)

@: no status effects
A: large, unfitting armour, tough skin 1
a: Renounce Religion, Stomp, Line Pass


You were on level 4 of the Dungeon.
You worshipped Uskayaw.
Uskayaw was noncommittal.
You visited 1 branch of the dungeon, and saw 4 of its levels.

You collected 134 gold pieces.

Inventory:

Hand Weapons
 a - a +0 war axe (weapon)
 g - a +2 dagger of speed
 t - a +1 heavy sling
Missiles
 d - 2 throwing nets (quivered)
 e - 4 large rocks
 q - 30 stones
Armour
 b - a +0 robe (worn)
 c - a +0 hat (worn)
Jewellery
 j - a +5 ring of evasion (left hand)
 k - an amulet of magic regeneration (around neck)
 w - a ring of willpower
 y - a ring of ice
Scrolls
 h - 3 scrolls of enchant weapon
 i - a scroll of teleportation
 l - a scroll of identify
 n - a scroll of noise {unknown}
 o - a scroll of blinking {unknown}
 s - a scroll of enchant armour {unknown}
 v - a scroll of poison {unknown}
 x - a scroll of magic mapping {unknown}
 z - a scroll of brand weapon {unknown}
Potions
 f - 3 potions of curing
 m - 2 potions of haste
 r - a potion of lignification {unknown}
 u - a potion of degeneration {unknown}
 A - a potion of berserk rage {unknown}


   Skills:
 + Level 4.0 Fighting
 + Level 5.6 Axes
 + Level 2.3 Throwing
 + Level 3.6 Dodging
 + Level 0.6 Stealth


You had 5 spell levels left.
You didn't know any spells.
Your spell library contained the following spells:

 Spells                   Type           Power      Damage    Failure   Level
 Beastly Appendage        Tmut           0%         N/A       38%         1
 Freeze                   Ice            0%         1d3       38%         1
 Magic Dart               Conj           0%         1d3       38%         1
 Summon Small Mammal      Summ           0%         N/A       38%         1
 Call Imp                 Summ           0%         N/A       52%         2
 Sublimation of Blood     Necr           0%         N/A       52%         2
 Wereblood                Tmut           0%         N/A       52%         2
 Call Canine Familiar     Summ           0%         N/A       77%         3
 Frozen Ramparts          Ice            0%         1d1       77%         3
 Hailstorm                Conj/Ice       0%         3d3       77%         3
 Mephitic Cloud           Conj/Pois/Air  0%         N/A       77%         3
 Spider Form              Tmut/Pois      0%         N/A       77%         3
 Summon Guardian Golem    Hex/Summ       0%         N/A       77%         3
 Petrify                  Tmut/Erth      0%         N/A       99%         4
 Irradiate                Conj/Tmut      0%         3d11      100%        5


Dungeon Overview and Level Annotations

Branches:
Dungeon (4/15)
 Temple: D:4-7

Altars:
Uskayaw


Innate Abilities, Weirdness & Mutations

You are too large for most types of armour.
You have tough skin. (AC +1)


Message History

You kill the quokka!
You hit the orc priest. The orc priest closely misses you.
Throw: 3 throwing nets
Press: ? - help, Q - select action, (/) - cycle Shift-Dir - straight line, f - orc priest
Aim: an orc priest, wielding a +0 hand axe of freezing (lightly wounded, 59% to hit)
You throw a throwing net.
The throwing net closely misses the orc priest.
The ball python closely misses you. The orc priest closely misses you.
You slash the orc priest!
The orc priest is severely wounded.
You slash the ball python!
You kill the ball python!
The orc priest mumbles some strange prayers to Beogh against you.
Beogh smites you!
* * * LOW HITPOINT WARNING * * *
You can now pass through a line of other dancers.
You hit the orc priest.
The orc priest is almost dead.
The orc priest hits you with a +0 hand axe of freezing.
* * * LOW HITPOINT WARNING * * *
The orc priest freezes you.
* * * LOW HITPOINT WARNING * * *
You feel better.
The orc priest calls down the wrath of Beogh upon you.
Beogh smites you!
* * * LOW HITPOINT WARNING * * *
You feel better.
The orc priest invokes the aid of Beogh against you.
Beogh smites you!
* * * LOW HITPOINT WARNING * * *
An orc comes into view. It is wielding a +0 flail.
You closely miss the orc priest.
The orc priest is almost dead.
The orc priest barely misses you.
You barely miss the orc priest.
The orc priest is almost dead.
The orc priest looks satisfied for a moment.
An orc comes into view. It is wielding a +0 whip of draining.
The orc priest hits you with a +0 hand axe of freezing.
You die...

..... .. #...# .#. ..
#..o# # .o.. #.# #.o.# #.
.o<.. #.# #...# #.# #...
.#### #...####.###..
##....### #...##.##...#
#.. ..).#####)†.#...##.#
###†###.........@o.....(.#
...<..)..................#
###.##...[...............#
#.##.##.#####..>#...####
#.......# #...##.##
####.#### #...##### #.#
#.......# #.# #...###.#
####.#### #...###.#


You could see an orc priest and 2 orcs.

Vanquished Creatures
  Menkaure (D:4)
  A jelly (D:4)
  5 gnolls
  2 adders (D:2)
  3 worms
  A dart slug (D:1)
  4 orcs
  4 endoplasms
  2 giant cockroaches
  6 goblins
  5 hobgoblins
  3 jackals
  8 kobolds
  5 quokkas
  13 ball pythons
  11 bats
  4 frilled lizards
  6 rats
84 creatures vanquished.

Notes
Turn   | Place    | Note
-------+----------+-------------------------------------------
     0 | D:1      | MachoJfn the Ogre Gladiator began the quest for the Orb.
     0 | D:1      | Reached XP level 1. HP: 22/22 MP: 1/1
   268 | D:1      | Reached XP level 2. HP: 29/29 MP: 2/2
   622 | D:1      | Reached XP level 3. HP: 34/36 MP: 3/3
  1006 | D:2      | Reached skill level 4 in Axes
  1169 | D:2      | Reached XP level 4. HP: 45/45 MP: 4/4
  1619 | D:3      | Found a hide-covered altar of Uskayaw.
  1622 | D:3      | Noticed a +0 hand axe
  1622 | D:3      | Noticed a +0 hand axe
  1646 | D:3      | Became a worshipper of Uskayaw the Reveller
  1725 | D:3      | Reached * piety under Uskayaw
  2117 | D:3      | Noticed a sky beast
  2117 | D:3      | Noticed a black bear
  2217 | D:4      | Reached ** piety under Uskayaw
  2223 | D:4      | Reached XP level 5. HP: 43/53 MP: 5/5
  2224 | D:4      | Reached *** piety under Uskayaw
  2227 | D:4      | Reached **** piety under Uskayaw
  2293 | D:4      | Reached skill level 5 in Axes
  2487 | D:4      | Noticed Menkaure
  2500 | D:4      | Killed Menkaure
  2501 | D:4      | Reached XP level 6. HP: 24/62 MP: 4/6
  2599 | D:4      | HP: 2/62 [orc priest/divine providence (13)]
  2602 | D:4      | Slain by an orc priest

Illustrated notes

Levels and vault maps discovered:
D:1:      ncdulo_wetmaze, layout_loops_ring, nrook_campfire, corner_web_ring
D:2:      layout_basic, minmay_tall_x
D:3:      minmay_angry_zag, layout_loops_ring, dancing_weapons_uskayaw,
          minmay_divided_ellipse
D:4:      layout_loops_cross, uniq_menkaure

Skill      XL: |  1  2  3  4  5 |
---------------+----------------+-----
Dodging        | 3 |  3.6
Fighting       | 3 4 |  4.0
Axes           | 4 5 |  5.6
Throwing       | |  2.3
Stealth        | |  0.6

Action                     |  1- 3 |  4- 6 || total
---------------------------+-------+-------++-------
  Melee: War axe           |   110 |   135 ||   245
         Punch             |       |     1 ||     1
  Throw: Throwing net      |     1 |     5 ||     6
 Invoke: Stomp             |       |     1 ||     1
    Use: Scroll            |     3 |     3 ||     6
         Potion            |     1 |     3 ||     4
   Stab: Paralysed         |       |     1 ||     1
 Armour: Robe              |    58 |    30 ||    88
  Dodge: Dodged            |   102 |   110 ||   212

Table legend: (Time is in decaauts)
 A = Elapsed time spent in this place.
 B = Non-inter-level travel time spent in this place.
 C = Inter-level travel time spent in this place.
 D = Time resting spent in this place.
 E = Time spent auto-exploring this place.
 F = Levels seen in this place.
 G = Mean time per level.
                   A        B        C        D        E       F      G
               +--------+--------+--------+--------+--------+-----+--------+
         Total |   2672 |   2119 |    553 |    502 |    947 |   4 |  668.0 |
       Dungeon |   2672 |   2119 |    553 |    502 |    947 |   4 |  668.0 |
               +--------+--------+--------+--------+--------+-----+--------+

Top non-repeatable levels by time:
     D:1: 890 daAuts
     D:3: 716 daAuts
     D:2: 626 daAuts
     D:4: 439 daAuts
